[Event "45th FIDE Olympiad 2024"]
[Site "Budapest"]
[Date "2024.09.11"]
[Round "1.237"]
[White "Kulaots, Kaido"]
[Black "Al Ibrahim, Abdulrahman"]
[Result "1-0"]
[ECO "C84"]
[WhiteElo "2506"]
[BlackElo "1932"]
[Annotator "TA"]
[PlyCount "65"]
[EventDate "2024.09.05"]
[EventType "team-tourn"]
[EventCountry "HUN"]
[SourceTitle "playchess.com"]
[Source "ChessBase"]
[SourceQuality "1"]
[WhiteTeam "Estonia"]
[BlackTeam "Kuwait"]
[WhiteTeamCountry "EST"]
[BlackTeamCountry "KUW"]
[TimeControl "40/5400+30:1800+30"]

1. e4 e5 2. Nf3 Nc6 3. Bb5 a6 4. Ba4 Nf6 5. O-O Be7 6. d3 b5 7. Bb3 d6 8. a4 Bd7 9. c3 O-O 10. Bc2 d5 11. exd5 {White is slightly better.} Nxd5 12. Re1 Bf6 13. Nbd2 g6 (13... b4 $14) 14. Ne4 {Black must now prevent axb5.} Bg7 15. Bb3 Nde7 16. Bg5 Bf5 17. axb5 {White is much more active.} axb5 18. Rxa8 Qxa8 19. Nf6+ Kh8 20. Nxe5 Nxe5 21. Rxe5 h6 22. Bh4 Ng8 23. Rxf5 gxf5 24. Nd7 Rc8 (24... Re8 $11 25. f4 (25. Bxf7 Qa4 $17) 25... Qc6) 25. Nc5 (25. Bxf7 $2 {perishes.} Qc6 $19) (25. Bg3 $14) 25... Qc6 (25... Qa7 $11 26. d4 Ra8) 26. d4 $36 {[%mdl 2048] Keeping Black busy.} Nf6 ({Black should try} 26... Bf8) 27. Bxf7 Rf8 {[#]} 28. Bb3 Re8 {Wards off Ne6} 29. h3 Ne4 {[#]} 30. Ne6 ({White should play} 30. Nd3 $1 $18 {And now Qh5 would win.} Qd7 31. Qh5) 30... Bf6 $2 (30... Rxe6 31. d5 Rd6 32. dxc6 $18) (30... Qd6 $16) 31. Qh5 $18 Rxe6 32. Qxh6+ Kg8 33. Bxf6 {Weighted Error Value: White=0.16 (very precise) /Black=0.48.  Loses game:     	---       	Black=1      Mistake:       	White=2     	Black=4      Inaccurate:     	White=2     	Black=3      OK:         	White=7     	Black=6      Best:        	White=3     	Black=1} 1-0

[Event "45th FIDE Olympiad 2024"]
[Site "Budapest"]
[Date "2024.09.11"]
[Round "1.238"]
[White "Alsaqer, Meshal"]
[Black "Seeman, Tarvo"]
[Result "0-1"]
[ECO "E67"]
[WhiteElo "1815"]
[BlackElo "2375"]
[Annotator "ChessBase"]
[PlyCount "80"]
[EventDate "2024.09.05"]
[EventType "team-tourn"]
[EventCountry "HUN"]
[SourceTitle "playchess.com"]
[Source "ChessBase"]
[SourceQuality "1"]
[WhiteTeam "Kuwait"]
[BlackTeam "Estonia"]
[WhiteTeamCountry "KUW"]
[BlackTeamCountry "EST"]
[TimeControl "40/5400+30:1800+30"]

1. d4 g6 2. Nf3 Bg7 3. g3 Nf6 4. Bg2 O-O 5. O-O d6 6. c4 Nbd7 7. Nc3 e5 8. b3 Re8 9. Bb2 exd4 10. Nxd4 Nc5 11. Rc1 c6 12. Qd2 a5 13. Rfd1 Qe7 14. Nxc6 bxc6 15. Bxc6 Bb7 16. Bxe8 Nxe8 17. Nd5 Bxd5 18. Bxg7 Kxg7 19. Qxd5 Ra6 20. h4 Nf6 21. Qd4 Qxe2 22. Rd2 Qe6 23. Rcd1 h5 24. Qf4 Nfe4 25. Re2 Qg4 26. Qe3 Nf6 27. Red2 Nce4 28. f3 Qxg3+ 29. Rg2 Qh3 30. Rh2 Qf5 31. Rd4 Nc5 32. Rhd2 Qh3 33. Qf2 Qe6 34. Qg3 Qe3+ 35. Kg2 Ne6 36. Rxd6 Nf4+ 37. Kh2 Rxd6 38. Rxd6 Ne2 39. Qg2 Qe5+ 40. Kh1 Ng3+ 0-1

[Event "45th FIDE Olympiad 2024"]
[Site "Budapest"]
[Date "2024.09.11"]
[Round "1.239"]
[White "Kanep, Meelis"]
[Black "Hussain, Hashem"]
[Result "1-0"]
[ECO "E60"]
[WhiteElo "2367"]
[BlackElo "1807"]
[Annotator "ChessBase"]
[PlyCount "71"]
[EventDate "2024.09.05"]
[EventType "team-tourn"]
[EventCountry "HUN"]
[SourceTitle "playchess.com"]
[Source "ChessBase"]
[SourceQuality "1"]
[WhiteTeam "Estonia"]
[BlackTeam "Kuwait"]
[WhiteTeamCountry "EST"]
[BlackTeamCountry "KUW"]
[TimeControl "40/5400+30:1800+30"]

1. Nf3 Nf6 2. g3 g6 3. Bg2 Bg7 4. d4 O-O 5. O-O d6 6. c4 Nbd7 7. Qc2 c5 8. d5 b5 9. e4 bxc4 10. Na3 Ba6 11. Re1 Rb8 12. Nxc4 Rb4 13. Bf1 Qc7 14. Bd2 Rbb8 15. Bc3 Bxc4 16. Bxc4 Nb6 17. Bf1 Qd7 18. a4 Rfc8 19. Bb5 Qc7 20. Rad1 Rd8 21. Qe2 Ne8 22. Bxg7 Nxg7 23. Rc1 e6 24. Qd2 a6 25. Bc6 Nc8 26. e5 Ne7 27. exd6 Rxd6 28. Rxc5 Nxc6 29. Rxc6 Rxc6 30. dxc6 Qxc6 31. Ne5 Qb7 32. Qf4 Nf5 33. Nd7 Rd8 34. Nf6+ Kg7 35. Qe5 Qd5 36. Nxd5+ 1-0

[Event "45th FIDE Olympiad 2024"]
[Site "Budapest"]
[Date "2024.09.11"]
[Round "1.240"]
[White "Alabdaljader, Mohammed"]
[Black "Timoshin, Andrei"]
[Result "0-1"]
[ECO "B11"]
[WhiteElo "1677"]
[BlackElo "2230"]
[Annotator "ChessBase"]
[PlyCount "74"]
[EventDate "2024.09.05"]
[EventType "team-tourn"]
[EventCountry "HUN"]
[SourceTitle "playchess.com"]
[Source "ChessBase"]
[SourceQuality "1"]
[WhiteTeam "Kuwait"]
[BlackTeam "Estonia"]
[WhiteTeamCountry "KUW"]
[BlackTeamCountry "EST"]
[TimeControl "40/5400+30:1800+30"]

1. e4 c6 2. Nf3 d5 3. Nc3 dxe4 4. Nxe4 Nf6 5. Nxf6+ exf6 6. Bc4 Bd6 7. O-O O-O 8. h3 Re8 9. d4 Nd7 10. c3 Nf8 11. Bd2 Ng6 12. Qb3 Qc7 13. Rfe1 Bf5 14. Rad1 Be4 15. Ne5 Bxe5 16. dxe5 Rxe5 17. Be3 c5 18. Rd2 Bc6 19. Red1 Rae8 20. Rd6 R5e7 21. a3 b6 22. a4 f5 23. g3 f4 24. gxf4 Nh4 25. Bd5 Bxd5 26. Qxd5 Qc8 27. Rd7 g6 28. Kf1 Nf5 29. Bc1 Qa6+ 30. Kg2 Qxa4 31. Rxe7 Rxe7 32. c4 Qb3 33. Rd3 Qc2 34. Bd2 Re8 35. Bc3 Qe2 36. Qd8 Qe4+ 37. Kg1 Nd4 0-1

[Event "45th FIDE Olympiad 2024"]
[Site "Budapest"]
[Date "2024.09.11"]
[Round "1.241"]
[White "Prudente, Elmer"]
[Black "Fluvia Poyatos, Jordi"]
[Result "0-1"]
[ECO "B09"]
[WhiteElo "1949"]
[BlackElo "2438"]
[Annotator "TA"]
[PlyCount "54"]
[EventDate "2024.09.05"]
[EventType "team-tourn"]
[EventCountry "HUN"]
[SourceTitle "playchess.com"]
[Source "ChessBase"]
[SourceQuality "1"]
[WhiteTeam "Guam"]
[BlackTeam "Andorra"]
[WhiteTeamCountry "GMA"]
[BlackTeamCountry "AND"]
[TimeControl "40/5400+30:1800+30"]

1. e4 d6 2. d4 Nf6 3. Nc3 g6 4. f4 Bg7 5. Nf3 O-O 6. Be3 b6 7. e5 Ng4 8. Bg1 c5 9. dxc5 (9. h3 $11 Nh6 10. Qe2 cxd4 11. Nxd4 dxe5 12. fxe5) 9... bxc5 $15 10. h3 Nh6 {Black is slightly better.} 11. Bc4 {aiming for Bd5.} Nc6 12. Bd5 ({White should play} 12. Bf2 $15) 12... Qb6 $17 13. Bf2 dxe5 14. fxe5 {[#]} Rd8 $1 {[%cal Oe7e6] ...e6! would now be deadly.} ({Don't take} 14... Qxb2 15. Na4 Qb5 16. Nxc5 $17) 15. Qe2 Bb7 $2 ({Better is} 15... Ba6 $19 16. Qe3 Rab8 (16... Qxb2 17. Rb1 $17) 17. Bxc6 Qxc6) 16. O-O (16. O-O-O $1 $11) 16... Nd4 (16... Nf5 $17) 17. Nxd4 $11 cxd4 18. Bxb7 (18. Na4 $11 {keeps the balance.} Qc7 19. Bxb7 Qxb7 20. Rad1 (20. Nc5 Qxb2 21. Nd3 Qc3 $17)) 18... Qxb7 $17 19. Nb5 {[%mdl 8192] [#] Now White is beyond hope.} (19. Nd1 $17) 19... d3 $1 $19 20. cxd3 Qxb5 21. Rad1 Qxe5 {Black is clearly winning.} 22. Qxe5 Bxe5 23. Rfe1 Bd6 24. d4 Rdc8 25. Re2 Nf5 26. g4 Ng7 27. Bh4 Ne6 {Weighted Error Value: White=0.53/Black=0.23 (precise) .  Loses game:     	White=1     	---        Missed win:     	---       	Black=1      Mistake:       	White=4     	Black=1      OK:         	White=6     	Black=11     Brilliant:      	---       	Black=1} 0-1

[Event "45th FIDE Olympiad 2024"]
[Site "Budapest"]
[Date "2024.09.11"]
[Round "1.242"]
[White "De La Riva Aguado, Oscar"]
[Black "Tran, Tuan An"]
[Result "1-0"]
[ECO "C65"]
[WhiteElo "2431"]
[BlackElo "1916"]
[Annotator "TA"]
[PlyCount "89"]
[EventDate "2024.09.05"]
[EventType "team-tourn"]
[EventCountry "HUN"]
[SourceTitle "playchess.com"]
[Source "ChessBase"]
[SourceQuality "1"]
[WhiteTeam "Andorra"]
[BlackTeam "Guam"]
[WhiteTeamCountry "AND"]
[BlackTeamCountry "GMA"]
[TimeControl "40/5400+30:1800+30"]

1. e4 e5 2. Nf3 Nc6 3. Bb5 Nf6 4. d3 Bc5 5. Bxc6 dxc6 6. Nbd2 (6. Nxe5 $2 Qd4 7. Be3 Qxe5 $19) 6... Nd7 7. O-O b6 8. Nc4 {White is slightly better.} Qe7 9. Be3 Ba6 10. Bxc5 Qxc5 11. Ne3 g6 12. Qd2 Qe7 13. a4 Bb7 14. a5 c5 15. Qc3 O-O {[#]} 16. b4 $1 a6 (16... cxb4 17. Qxc7 Rab8 18. Nxe5 Qxe5 19. Qxd7 bxa5 20. Qh3 $11) 17. Rfb1 {aiming for bxc5.} Bc6 {[#]} (17... b5 $14) 18. Nc4 (18. axb6 $1 $16 {Black must now prevent bxc5.} cxb6 19. Ra2) 18... f6 (18... Rfe8 $1 $14) 19. axb6 $16 {Black is on the road to losing.} cxb6 {[#]} 20. bxc5 $1 {White is more active.} Qxc5 21. Qb3 Kg7 22. Nxb6 Ra7 23. Nc4 $36 {[%mdl 2048] White is on the roll.} Rb8 24. Qa2 (24. Qa3 {simplifies} Qxa3 25. Nxa3 Rxb1+ 26. Rxb1 f5 27. Nd2) 24... Nb6 (24... Rxb1+ $16 25. Rxb1 a5) 25. h3 Rab7 (25... Be8 $16 26. Nfd2 Nd7 27. Rxb8 Nxb8) 26. Na5 {A dynamic duo of knights.} ({Not} 26. Qxa6 Nxc4 27. Rxb7+ Bxb7 28. Qxc4 Qxc4 29. dxc4 Bxe4 $14) 26... Rc7 27. Qa3 Ba4 (27... Qxa3 {might work better.} 28. Rxa3 Nd7 29. Rxb8 Nxb8) 28. Qxc5 $18 Rxc5 29. Nc4 Rb5 $2 (29... Bxc2 30. Rxb6 Rxb6 31. Nxb6 Bxd3) 30. Rc1 (30. Nxb6 $142 Rxb1+ 31. Rxb1 Bxc2 32. Rc1 Rxb6 33. Rxc2) 30... Nxc4 31. Rxa4 Nb2 32. Rxa6 Rc5 33. Ra7+ Kh6 34. Ne1 Rb4 35. Kf1 Na4 36. c4 Rc8 (36... Nb2 $142 37. Rca1 Rc8) 37. Nc2 Rb3 38. Rxa4 Rxd3 39. Ne3 Rd4 40. f3 Rb8 41. Ra2 Kg5 42. g3 h5 43. h4+ Kh6 44. Ke2 g5 45. Nf5+ {Weighted Error Value: White=0.18 (very precise) /Black=0.35.  Mistake:       	White=2     	Black=7      Inaccurate:     	---       	Black=2      OK:         	White=15    	Black=6      Best:        	White=3     	Black=2      Strong:       	White=1     	---} (45. Ra7 $142 Kg6 46. Nf5 Rg8 47. Ne7+ Kh7 48. Nxg8+ Kxg8 49. Rd1 (49. Ra8+ Kf7 $18) 49... Rxd1 50. Kxd1) 1-0

[Event "45th FIDE Olympiad 2024"]
[Site "Budapest"]
[Date "2024.09.11"]
[Round "1.243"]
[White "Mafnas, Peter"]
[Black "Ribera Veganzones, Serni"]
[Result "0-1"]
[ECO "D48"]
[WhiteElo "1886"]
[BlackElo "2309"]
[Annotator "ChessBase"]
[PlyCount "78"]
[EventDate "2024.09.05"]
[EventType "team-tourn"]
[EventCountry "HUN"]
[SourceTitle "playchess.com"]
[Source "ChessBase"]
[SourceQuality "1"]
[WhiteTeam "Guam"]
[BlackTeam "Andorra"]
[WhiteTeamCountry "GMA"]
[BlackTeamCountry "AND"]
[TimeControl "40/5400+30:1800+30"]

1. c4 e6 2. Nc3 d5 3. d4 Nf6 4. e3 Be7 5. Nf3 O-O 6. Bd3 a6 7. O-O dxc4 8. Bxc4 b5 9. Bd3 Bb7 10. a3 c5 11. dxc5 Bxc5 12. b4 Be7 13. Bb2 Nbd7 14. Rc1 Rc8 15. e4 Nb6 16. Qe2 Nc4 17. Rfd1 Nxb2 18. Qxb2 Qb6 19. Qe2 Rfd8 20. Nd2 Nd7 21. e5 Qd4 22. Nb3 Qxe5 23. Ne4 Bd5 24. f4 Qxf4 25. Rf1 Rxc1 26. Nxc1 Qe5 27. Qc2 f5 28. Ng3 Nf6 29. Nce2 Ng4 30. Nf4 Ne3 31. Qe2 Qd4 32. Qf2 Bg5 33. Nge2 Qe5 34. Re1 Nxg2 35. Nxg2 Bxg2 36. Qxg2 Bd2 37. Rd1 Rxd3 38. Kf1 Qd5 39. Qxd5 Rxd5 0-1

[Event "45th FIDE Olympiad 2024"]
[Site "Budapest"]
[Date "2024.09.11"]
[Round "1.244"]
[White "Ribera Veganzones, Josep Maria"]
[Black "Combs, Daniel"]
[Result "1-0"]
[ECO "C18"]
[WhiteElo "2167"]
[BlackElo "1688"]
[Annotator "NA RC"]
[PlyCount "35"]
[EventDate "2024.09.05"]
[EventType "team-tourn"]
[EventCountry "HUN"]
[SourceTitle "playchess.com"]
[Source "ChessBase"]
[SourceQuality "1"]
[WhiteTeam "Andorra"]
[BlackTeam "Guam"]
[WhiteTeamCountry "AND"]
[BlackTeamCountry "GMA"]
[TimeControl "40/5400+30:1800+30"]

1. e4 e6 2. d4 d5 3. Nc3 Bb4 4. e5 c5 5. a3 Bxc3+ 6. bxc3 Ne7 7. Qg4 O-O 8. Bd3 Nbc6 9. Nf3 Bd7 10. Bxh7+ Kxh7 11. Qh5+ Kg8 12. Ng5 Re8 13. Qh7+ Kf8 14. Qh8+ Ng8 15. Nh7+ Ke7 16. Bg5+ Nf6 17. Bxf6+ gxf6 18. Qxf6# 1-0

[Event "45th FIDE Olympiad 2024"]
[Site "Budapest"]
[Date "2024.09.11"]
[Round "1.245"]
[White "Romanov, Evgeny"]
[Black "Tchouka, Yakini"]
[Result "1-0"]
[ECO "E07"]
[WhiteElo "2567"]
[BlackElo "1932"]
[Annotator "TA"]
[PlyCount "95"]
[EventDate "2024.09.05"]
[EventType "team-tourn"]
[EventCountry "HUN"]
[SourceTitle "playchess.com"]
[Source "ChessBase"]
[SourceQuality "1"]
[WhiteTeam "North Macedonia"]
[BlackTeam "Togo"]
[BlackTeamCountry "TOG"]
[TimeControl "40/5400+30:1800+30"]

1. c4 e6 2. g3 Nf6 3. Bg2 d5 4. Nf3 Be7 5. O-O O-O 6. d4 Nbd7 7. Qc2 c6 8. Nc3 b6 9. Nd2 Bb7 10. e4 dxc4 (10... c5 $1 $11 11. exd5 (11. cxd5 cxd4 12. Nb5 exd5 $15) 11... cxd4) 11. Nxc4 $14 {White is slightly better.} Ba6 {Inhibits a4.} 12. Ne2 c5 13. d5 exd5 14. exd5 Bxc4 15. Qxc4 Bd6 16. Qa6 Qc8 17. Qa4 Re8 18. Nc3 a6 $1 {Prevents Nb5} 19. Qc6 Qb8 {And now ...b5 would win.} 20. Bg5 Rc8 {Hoping for ...b5.} 21. Qa4 b5 22. Qc2 Re8 23. a4 b4 24. Nd1 h6 25. Bxf6 Nxf6 26. a5 (26. Ne3 $14 {was preferrable.}) 26... Ra7 27. Ne3 Rae7 28. Nc4 b3 (28... Ng4 $14) 29. Qd3 $16 {White now steadily converts the win.} Ng4 30. Ra3 Ne5 (30... Rb7 $16) 31. Nxe5 $18 (31. Qxb3 $2 {loses.} Qxb3 32. Rxb3 Nxc4 $19) 31... Bxe5 32. Rxb3 ({And not} 32. Qxb3 Bxb2 33. d6 Rd7 $14) 32... Qd8 33. Qxa6 Bd4 34. Qb6 Qd7 $2 (34... c4 35. Qxd8 (35. Qxd4 cxb3 36. d6 Rd7 $16) 35... Rxd8) 35. Qc6 {Black must now prevent d6.} Qa7 (35... c4 $142) 36. d6 Re1 37. Qc7 (37. d7 $142 Bxf2+ 38. Kxf2 Rxf1+ 39. Kxf1) 37... Qa6 {[#]} 38. Rf3 $1 Rxf1+ 39. Bxf1 Re1 40. Qxf7+ Kh8 {[%csl Ge1][%cal Ra6f1] [#]} 41. Qe8+ $3 Rxe8 42. Bxa6 {[%mdl 4096] Endgame. KRB-KRB} Rd8 43. Bd3 Bf6 44. a6 {[%cal Ba5a6,Ba6a7][%mdl 32] a7 would now be deadly.} c4 45. Bxc4 {[%cal Of3f6] Rxf6! is the strong threat.} Rxd6 46. a7 Rd1+ 47. Kg2 Ra1 48. Ra3 {Weighted Error Value: White=0.32/Black=0.26 (precise) .  Mistake:       	White=1     	Black=5      Inaccurate:     	White=1     	Black=4      OK:         	White=15    	Black=6      Best:        	White=2     	Black=2      Strong:       	---       	Black=1} 1-0

[Event "45th FIDE Olympiad 2024"]
[Site "Budapest"]
[Date "2024.09.11"]
[Round "1.246"]
[White "Egbe, Kossi Thierry"]
[Black "Lazov, Toni"]
[Result "0-1"]
[ECO "B51"]
[WhiteElo "1847"]
[BlackElo "2360"]
[Annotator "ChessBase"]
[PlyCount "66"]
[EventDate "2024.09.05"]
[EventType "team-tourn"]
[EventCountry "HUN"]
[SourceTitle "playchess.com"]
[Source "ChessBase"]
[SourceQuality "1"]
[WhiteTeam "Togo"]
[BlackTeam "North Macedonia"]
[WhiteTeamCountry "TOG"]
[TimeControl "40/5400+30:1800+30"]

1. e4 c5 2. Nf3 d6 3. Bb5+ Nd7 4. c4 g6 5. d4 a6 6. Ba4 Bg7 7. O-O cxd4 8. Nxd4 Ngf6 9. Nc3 O-O 10. Bxd7 Bxd7 11. Be3 Rc8 12. Qd3 Ng4 13. b3 Nxe3 14. fxe3 Rc5 15. Rf2 Rh5 16. Raf1 e6 17. Nce2 b5 18. cxb5 axb5 19. b4 d5 20. Ng3 Re5 21. exd5 Rxd5 22. Qe4 Qe7 23. a3 f5 24. Qd3 Qd6 25. Qb3 Bxd4 26. exd4 Rxd4 27. Re2 Rc8 28. Rfe1 Rd3 29. Qa2 Rcc3 30. Qb2 Qd4+ 31. Kh1 Bc6 32. Rf2 Bd5 33. Ne2 Qxf2 0-1

[Event "45th FIDE Olympiad 2024"]
[Site "Budapest"]
[Date "2024.09.11"]
[Round "1.247"]
[White "Nikolovski, Nikola"]
[Black "Amewounou, Komlan Kouessan"]
[Result "1-0"]
[ECO "B07"]
[WhiteElo "2388"]
[BlackElo "1825"]
[Annotator "ChessBase"]
[PlyCount "83"]
[EventDate "2024.09.05"]
[EventType "team-tourn"]
[EventCountry "HUN"]
[SourceTitle "playchess.com"]
[Source "ChessBase"]
[SourceQuality "1"]
[WhiteTeam "North Macedonia"]
[BlackTeam "Togo"]
[BlackTeamCountry "TOG"]
[TimeControl "40/5400+30:1800+30"]

1. e4 d6 2. Nc3 g6 3. f4 Nf6 4. Bc4 Bg7 5. d3 Nbd7 6. Nf3 c6 7. a4 e5 8. fxe5 Nxe5 9. Nxe5 dxe5 10. O-O O-O 11. Qf3 Be6 12. Bxe6 fxe6 13. Qh3 Qb6+ 14. Be3 Qxb2 15. Bd2 Qb6+ 16. Kh1 c5 17. Nb5 Nh5 18. Rfb1 Nf4 19. Qg4 Rf7 20. Na3 Qc6 21. Nc4 Raf8 22. Be3 b6 23. Kg1 h5 24. Qd1 Kh7 25. Qd2 g5 26. h3 Qc7 27. a5 bxa5 28. Rxa5 Rb8 29. Rba1 Rb7 30. Rxc5 Qe7 31. Rca5 Qf6 32. Nxe5 Rfc7 33. d4 Rb2 34. Rc1 Qd8 35. Nf3 Rcxc2 36. Rxc2 Rxc2 37. Nxg5+ Qxg5 38. Rxg5 Rxd2 39. Bxd2 Ne2+ 40. Kf1 Nxd4 41. Rxh5+ Kg8 42. Bc3 1-0

[Event "45th FIDE Olympiad 2024"]
[Site "Budapest"]
[Date "2024.09.11"]
[Round "1.248"]
[White "Semeko, Lumen Paco"]
[Black "Risteski, Emil"]
[Result "0-1"]
[ECO "D05"]
[WhiteElo "1740"]
[BlackElo "2367"]
[Annotator "ChessBase"]
[PlyCount "68"]
[EventDate "2024.09.05"]
[EventType "team-tourn"]
[EventCountry "HUN"]
[SourceTitle "playchess.com"]
[Source "ChessBase"]
[SourceQuality "1"]
[WhiteTeam "Togo"]
[BlackTeam "North Macedonia"]
[WhiteTeamCountry "TOG"]
[TimeControl "40/5400+30:1800+30"]

1. Nf3 Nf6 2. b3 d5 3. Bb2 e6 4. e3 Bd6 5. d4 O-O 6. Bd3 b6 7. Nbd2 c5 8. c4 cxd4 9. exd4 Bb7 10. O-O Nc6 11. Ne5 dxc4 12. Ndxc4 Be7 13. Rc1 Rc8 14. Nxc6 Rxc6 15. Be2 Nd5 16. a3 Bg5 17. Rc2 Qc7 18. Bd3 b5 19. Ne5 Rxc2 20. Bxc2 Nf4 21. f3 Rc8 22. Be4 Bxe4 23. fxe4 Qc2 24. Qxc2 Rxc2 25. Ba1 f6 26. Nf3 Rxg2+ 27. Kh1 Re2 28. Nxg5 fxg5 29. h4 gxh4 30. Rxf4 Re1+ 31. Kg2 Rxa1 32. d5 exd5 33. exd5 Rd1 34. Rf5 Rd3 0-1

[Event "45th FIDE Olympiad 2024"]
[Site "Budapest"]
[Date "2024.09.11"]
[Round "1.253"]
[White "Murphy, Conor E"]
[Black "Kumar, Manoj"]
[Result "1-0"]
[ECO "C54"]
[WhiteElo "2453"]
[BlackElo "1951"]
[Annotator "TA"]
[PlyCount "97"]
[EventDate "2024.09.05"]
[EventType "team-tourn"]
[EventCountry "HUN"]
[SourceTitle "playchess.com"]
[Source "ChessBase"]
[SourceQuality "1"]
[WhiteTeam "Ireland"]
[BlackTeam "Fiji"]
[WhiteTeamCountry "IRL"]
[BlackTeamCountry "FIJ"]
[TimeControl "40/5400+30:1800+30"]

1. e4 e5 2. Nf3 Nc6 3. Bc4 Bc5 4. O-O Nf6 5. d3 d6 6. c3 a6 7. a4 Ba7 8. Re1 h6 9. Nbd2 {The position is equal.} O-O 10. h3 Re8 11. b4 Be6 12. Bxe6 Rxe6 13. Qc2 b5 14. Nb3 Bb6 15. Bd2 Rb8 16. c4 Nd4 (16... bxc4 $11 17. dxc4 (17. Qxc4 d5 $14) 17... Nd7) 17. Nfxd4 $16 Bxd4 18. Nxd4 exd4 19. axb5 axb5 20. cxb5 Rxb5 21. Qc4 Rb8 22. Qxd4 {White is more active.} c5 23. bxc5 dxc5 24. Qc4 ({Reject} 24. Qxc5 $6 Qxd3 25. Be3 Qxe4 $11) 24... Qd4 {A mistake that costs the game.} (24... Nd7 $16) 25. Qxd4 $18 cxd4 26. Ra4 Nd7 27. Rxd4 Nc5 28. Rd5 Nb3 29. Be3 Ra6 30. Rb1 Ra1 31. Rxa1 Nxa1 {[%mdl 4096] Endgame. KRB-KRN} 32. Rc5 {Prevents Nc2} Nb3 33. Rc3 Kf8 34. g4 Ke7 35. h4 Rb7 36. Kg2 Ke6 37. h5 Na5 38. f4 Kd7 39. Kf3 Nc6 40. d4 Rb1 41. Ra3 Rb7 42. d5 Ne7 43. Ra7 Rxa7 44. Bxa7 {[#] aiming for Bd4. KB-KN} Kd6 45. Ke3 Nc8 46. Bd4 f6 47. Kd3 {White mates.} Ne7 48. Kc4 Kd7 49. Bc5 {Weighted Error Value: White=0.04 (flawless) /Black=0.30.  Mistake:       	---       	Black=2      Inaccurate:     	---       	Black=3      OK:         	White=22    	Black=6      Best:        	White=3     	---} 1-0

[Event "45th FIDE Olympiad 2024"]
[Site "Budapest"]
[Date "2024.09.11"]
[Round "1.254"]
[White "Prasad, Rudr"]
[Black "Baburin, Alexander"]
[Result "1/2-1/2"]
[ECO "A46"]
[WhiteElo "1777"]
[BlackElo "2376"]
[Annotator "ChessBase"]
[PlyCount "75"]
[EventDate "2024.09.05"]
[EventType "team-tourn"]
[EventCountry "HUN"]
[SourceTitle "playchess.com"]
[Source "ChessBase"]
[SourceQuality "1"]
[WhiteTeam "Fiji"]
[BlackTeam "Ireland"]
[WhiteTeamCountry "FIJ"]
[BlackTeamCountry "IRL"]
[TimeControl "40/5400+30:1800+30"]

1. d4 Nf6 2. Nf3 e6 3. Bf4 c5 4. c3 Nc6 5. e3 Nh5 6. Bg3 Qb6 7. Qc2 Nxg3 8. hxg3 g6 9. Nbd2 d5 10. Be2 Bg7 11. O-O O-O 12. Nb3 cxd4 13. exd4 Qc7 14. Rac1 b6 15. Rfe1 Bd7 16. Qd2 a5 17. Qf4 Qxf4 18. gxf4 Ne7 19. Ne5 Be8 20. Nd2 Nf5 21. Bd3 Nd6 22. c4 dxc4 23. Ndxc4 Nxc4 24. Bxc4 Rd8 25. Red1 Bf6 26. a3 Kg7 27. d5 Ba4 28. b3 Bxe5 29. fxe5 exd5 30. Rxd5 Rxd5 31. Bxd5 Rd8 32. Bxf7 Kxf7 33. bxa4 Rd4 34. Rc3 Ke6 35. Rc6+ Kxe5 36. Rxb6 Rxa4 37. Rb3 Rd4 38. Kf1 1/2-1/2

[Event "45th FIDE Olympiad 2024"]
[Site "Budapest"]
[Date "2024.09.11"]
[Round "1.255"]
[White "Kanyamarala, Tarun"]
[Black "Terubea, Ronald"]
[Result "1-0"]
[ECO "A06"]
[WhiteElo "2361"]
[BlackElo "1836"]
[Annotator "TA"]
[PlyCount "47"]
[EventDate "2024.09.05"]
[EventType "team-tourn"]
[EventCountry "HUN"]
[SourceTitle "playchess.com"]
[Source "ChessBase"]
[SourceQuality "1"]
[WhiteTeam "Ireland"]
[BlackTeam "Fiji"]
[WhiteTeamCountry "IRL"]
[BlackTeamCountry "FIJ"]
[TimeControl "40/5400+30:1800+30"]

1. Nf3 d5 2. e3 a6 3. c4 Nf6 4. cxd5 Qxd5 5. Nc3 Qa5 6. d4 c6 7. Bc4 b5 8. Bb3 {White is better.} Bf5 (8... e6 $142) 9. O-O e6 {[#] Against e4} 10. Re1 (10. e4 $1 $18 Bg4 (10... Nxe4 11. Nxe4 Bxe4 12. Ng5 $18) 11. h3) 10... Bb4 $16 11. Bd2 Qb6 {[#]} (11... Ne4 $16) 12. e4 $1 $18 Bxc3 $2 (12... Bg4 {is a better chance.} 13. d5 e5) 13. exf5 (13. Bxc3 Nxe4 14. Nh4 Nxc3 15. bxc3 O-O $14) 13... Bxd2 14. Qxd2 O-O 15. fxe6 fxe6 16. Rxe6 Kh8 17. Rc1 Qb7 $2 (17... Qd8 18. Ng5 a5) 18. Ne5 {[%cal Od2g5] Qg5! is the strong threat.} a5 19. a3 Ra6 20. Qe2 (20. Qg5 $142 {[%cal Oe6f6] White threatens Rxf6! and mate.} Qf7 21. Nxf7+ Rxf7 22. Rxf6 gxf6 23. Qh6 Nd7 24. Bxf7 Ra8 25. Rxc6) 20... Qa7 21. Qe3 ({Weaker is} 21. Nxc6 Nxc6 22. Rexc6 (22. Rcxc6 Rxc6 23. Rxc6 Qxd4 $16) 22... Rxc6 23. Rxc6 Qxd4 $18) (21. Rc3 $142 Nbd7 22. Re7 (22. Rexc6 Rxc6 23. Nxc6 Qb6 $18) (22. Nxc6 Qb7 $18)) 21... Nd5 22. Bxd5 cxd5 {[#]} 23. Qf3 $3 Kg8 {[#]} (23... Nd7 24. Nxd7) 24. Qxf8+ $3 {[%mdl 512] Weighted Error Value: White=1.00/Black=0.94.  Mistake:       	White=1     	Black=4      Inaccurate:     	White=1     	Black=3      OK:         	White=4     	Black=3      Best:        	White=1     	Black=1      Strong:       	White=1     	---} 1-0